 Dungeon Crawl Stone Soup version 0.29.1-4-g47bece8355 (webtiles) character file.

Game seed: 10728168498306476318

12345 croobank the Unseen (level 11, -7/49 HPs)
             Began as a Felid Delver on Dec 6, 2022.
             Was a High Priest of Hepliaklqana.
             Mangled by a deep troll (17 damage)
             ... on level 5 of the Lair of Beasts.
             The game lasted 02:56:47 (22968 turns).

croobank the Unseen (Felid Delver)                 Turns: 22968, Time: 02:56:47

Health: -7/49      AC:  3    Str:  8    XL:     11   Next: 61%
Magic:  0/24       EV: 28    Int: 15    God:    Hepliaklqana [*****.]
Gold:   661        SH:  0    Dex: 19    Spells: 21/27 levels left
                                        Lives:  0   Deaths: 3

rFire   . . .      SeeInvis +     - Unarmed
rCold   + . .      Faith    .   (shield unavailable)
rNeg    . . .      Spirit   .   (body armour unavailable)
rPois   .          Reflect  .   (helmet unavailable)
rElec   .          Harm     .   (cloak unavailable)
rCorr   .          Rampage  .   (gloves unavailable)
Will    +....                   (boots unavailable)
Stlth   ++++++....              v - amulet of regeneration
HPRegen 0.96/turn               g - ring of flight
MPRegen 0.19/turn               (no ring)

@: brilliant, about to teleport, flying, studying Unarmed Combat, quick
A: reduced essence, very small, claws 1, fangs 3, see invisible, speed 1, shaggy
fur 3, stealthy paws, no weapons or thrown items, no armour, multi-lived
a: Renounce Religion, Recall Ancestor, Ancestor Identity, Transference, Idealise


You were on level 5 of the Lair of Beasts.
You worshipped Hepliaklqana.
Hepliaklqana was extremely pleased with you.
You visited 2 branches of the dungeon, and saw 16 of its levels.

You collected 887 gold pieces.
You spent 226 gold pieces at shops.

Inventory:

Jewellery
 c - an amulet of magic regeneration
 g - a ring of flight (left paw)
 m - an amulet of reflection
 v - an amulet of regeneration (around neck)
Wands
 e - a wand of digging (3)
 q - a wand of flame (10)
 z - a wand of polymorph (4)
Scrolls
 a - 4 scrolls of fog
 b - 3 scrolls of teleportation
 h - 3 scrolls of immolation
 j - 2 scrolls of amnesia
 p - 3 scrolls of noise
 r - 3 scrolls of silence
 x - 3 scrolls of identify
 y - a scroll of poison
Potions
 d - a potion of haste
 f - 2 potions of might
 i - 3 potions of attraction
 l - 2 potions of brilliance
 n - a potion of heal wounds
 o - 2 potions of curing
 s - 6 potions of flight
 t - 4 potions of lignification
 u - a potion of mutation
 w - 2 potions of berserk rage


   Skills:
 + Level 10.6 Fighting
 + Level 13.2 Dodging
 + Level 15.4 Stealth
 + Level 13.4 Unarmed Combat
 + Level 8.6 Spellcasting
 - Level 5.0 Conjurations
 - Level 5.0 Translocations
 + Level 8.2 Invocations


You had 21 spell levels left.
You knew the following spells:

 Your Spells              Type           Power      Damage    Failure   Level
a - Searing Ray           Conj           64%        2d6       2%          2
b - Iskenderun's Mystic   Conj/Tloc      32%        2d8       14%         4

Your spell library contained the following spells:

 Spells                   Type           Power      Damage    Failure   Level
 Static Discharge         Conj/Air       21%        3-6/arc   6%          2
 Fulminant Prism          Conj/Hex       10%        3d9       36%         4
 Sticky Flame             Conj/Fire      21%        2d4       36%         4
 Dispel Undead            Necr           9%         3d8       73%         4
 Freezing Cloud           Conj/Ice/Air   8%         6-21      83%         5
 Lee's Rapid Deconstruct  Erth           4%         3d6*      97%         5
 Summon Mana Viper        Hex/Summ       9%         N/A       97%         5
 Borgnjor's Revivificati  Necr           4%         N/A       100%        8
 Maxwell's Capacitive Co  Air            4%         ∞         100%        8
 Necromutation            Tmut/Necr      4%         N/A       100%        8
 Death's Door             Necr           4%         N/A       100%        9


Dungeon Overview and Level Annotations

Branches:
Dungeon (11/15)            Temple (0/1) D:4            Lair (5/5) D:9
 Shoals (0/4) Lair:3        Snake (0/4) Lair:2        Slime (0/5) Lair:5
    Orc (0/2) D:9

Altars:
Dithmenos
Elyvilon
Hepliaklqana
Kikubaaqudgha
Nemelex Xobeh
Qazlal
Sif Muna
Trog
Vehumet
Yredelemnul

Shops:
D:6 *   D:7 *   D:8 ?

Annotations:
D:10 exclusion: oklob plant
D:11 Gastronok
Lair:4 2 transporters, cowcol's ghost, journeyman DrBe


Innate Abilities, Weirdness & Mutations

Your life essence is reduced to manifest your ancestor. (-10% HP)
You have sharp claws.
You have razor-sharp teeth.
You have supernaturally acute eyesight. (SInv)
You cover ground quickly. (Speed+)
Your thick and shaggy fur keeps you warm. (AC +3, rC+)
Your paws help you pounce on unaware monsters.
You are incapable of wielding weapons or throwing items.
You cannot wear armour.
You gain extra lives every three experience levels.


Message History

The wolf spider hits Manelesi!
Manelesi is destroyed!
You see here a wyvern skeleton.
Casting: Searing Ray (safe; 2% risk of failure)
Confirm with . or Enter, or press ? or * to list all spells.
Okay, then.
Casting: Searing Ray (safe; 2% risk of failure)
Confirm with . or Enter, or press ? or * to list all spells.
Okay, then.
Attack: -) Teeth and claws
Press: ? - help, Dir - move target, f - you
Okay, then.
Aiming: Charm
Press: ? - help, Shift-Dir - straight line, f - wolf spider
Aim: a wolf spider (moderately wounded, chance to affect: 49%)
The wolf spider resists with some effort.
The now-empty wand crumbles to dust.
The wolf spider hits you! The wolf spider barely misses you.
Aiming: Polymorph
Press: ? - help, Shift-Dir - straight line, f/p - wolf spider
Aim: a wolf spider (moderately wounded, will become a deep troll, a floating eye, or a mana viper, chance to affect: 49%)
The wolf spider evaporates and reforms as a deep troll!
Okay, then.
Okay, then.
Okay, then.
Casting: Searing Ray (safe; 2% risk of failure)
Confirm with . or Enter, or press ? or * to list all spells.
Okay, then.
Casting: Searing Ray (safe; 2% risk of failure)
Confirm with . or Enter, or press ? or * to list all spells.
You feel a surge of power!
You erupt in a blast of force!
The mystic blast hits the deep troll but does no damage.
You feel a little less mighty now.
You hear a bellow!
You hear a loud, deep croak!
The deep troll misses you. The deep troll claws you! x2
* * * LOW HITPOINT WARNING * * *
As you read the scroll of teleportation, it crumbles to dust.
You feel strangely unstable. The deep troll completely misses you.
The deep troll claws you!
You die...

## ##.###########.####
##..#..#.#.#.......##
.....................
...............#..#.
..............##
............@<####
............T..#.#
..........Y.....#..
......................
PP............####....
.PP......l......# ...
..##...........## #. .
#...........#
.............###.


You could see a deep troll, a yak and a wyvern.

Vanquished Creatures
  A hydra (Lair:4)
  A catoblepas (Lair:4)
  A death yak (Lair:3)
  A two-headed ogre (D:10)
  Amaemon (Lair:3)
  3 black mambas
  3 elephants
  5 cane toads
  3 rime drakes
  2 komodo dragons
  A troll (D:10)
  A hornet (Lair:5)
  2 dream sheep (Lair:4)
  17 yaks
  5 wyverns
  A basilisk (Lair:1)
  2 wraiths
  2 steam dragons
  A vampire mosquito (D:9)
  A redback (Lair:5)
  A warg (Lair:4)
  3 nagas (Lair:2)
  13 water moccasins
  An ice beast (D:7)
  An orc warrior (D:8)
  4 black bears
  A centaur (D:5)
  An ogre (D:5)
  A wolf (Lair:5)
  A phantom (D:5)
  7 bullfrogs
  A scorpion (D:6)
  2 wights (D:9)
  4 killer bees
  2 electric eels (Lair:3)
  3 jellies (D:10)
  2 gnoll boudas
  An iguana (D:7)
  5 orc wizards
  3 adders
  4 gnolls
  4 white imps (D:6)
  A worm (D:3)
  A dart slug (D:2)
  6 orcs
  5 ball pythons
  A bat zombie (D:7)
  13 endoplasms
  5 goblins
  9 hobgoblins
  3 jackals (D:4)
  6 kobolds
  4 quokkas
  4 bats
  5 frilled lizards
  3 rats (D:3)
  A rat zombie (D:7)
186 creatures vanquished.

Vanquished Creatures (collateral kills)
  Rupert (Lair:3)
  3 hydras
  2 catoblepae (Lair:5)
  Erica (D:8)
  5 death yaks
  5 elephants
  A manticore (D:11)
  A merfolk siren (Lair:3)
  4 black mambas
  An orange demon (Lair:3)
  3 komodo dragons
  3 cane toads
  A rime drake (Lair:4)
  8 blink frogs
  2 dream sheep (Lair:4)
  Eustachio (D:4)
  31 yaks
  A basilisk (Lair:3)
  5 wyverns
  A steam dragon (D:9)
  3 vampire mosquitoes (D:10)
  Menkaure (D:4)
  A naga (Lair:2)
  A hell hound (Lair:5)
  11 water moccasins
  An ice beast (D:7)
  2 black bears
  2 orc warriors
  2 wolves
  An ogre (D:5)
  A centaur (D:8)
  A phantom (D:6)
  A kobold brigand (D:7)
  6 bullfrogs
  3 scorpions
  4 wights
  16 killer bees
  An electric eel (Lair:3)
  A hound (D:5)
  3 orc priests
  A gnoll bouda (D:7)
  4 jellies (D:10)
  4 orc wizards
  An iguana (D:7)
  15 gnolls
  5 adders
  A shadow imp (D:4)
  A white imp (D:5)
  A dart slug (D:5)
  14 orcs
  13 endoplasms
  A giant cockroach (D:1)
  A goblin (D:1)
  2 hobgoblins (D:1)
  6 kobolds
  2 quokkas
  4 ball pythons
  2 rats
220 creatures vanquished.

Vanquished Creatures (others)
  37 battlemagi
  6 ancestors
  74 fungi
  77 plants
194 creatures vanquished.

Grand Total: 600 creatures vanquished

Notes
Turn   | Place    | Note
-------+----------+-------------------------------------------
     0 | D:5      | croobank the Felid Delver began the quest for the Orb.
     0 | D:5      | Reached XP level 1. HP: 10/10 MP: 2/2
    10 | D:6      | Noticed a phantom
    10 | D:6      | Found a radiant altar of Vehumet.
    16 | D:6      | Noticed a water moccasin
    63 | D:5      | Found a faded altar of an unknown god.
    63 | D:5      | Found a hazy altar of Hepliaklqana.
    65 | D:5      | Found a faded altar of an unknown god.
    71 | D:5      | Became a worshipper of Hepliaklqana the Forgotten
   145 | D:5      | Noticed an ogre
   191 | D:5      | Noticed a scorpion
   205 | D:4      | Found a basalt altar of Yredelemnul.
   247 | D:4      | Noticed Eustachio
   662 | D:2      | Reached XP level 2. HP: 9/14 MP: 3/3
   838 | D:2      | Reached * piety under Hepliaklqana
  1235 | D:1      | Reached XP level 3. HP: 10/15 MP: 4/4
  1402 | D:1      | Reached skill level 7 in Stealth
  1688 | D:1      | Found a faded altar of an unknown god.
  2357 | D:2      | Reached ** piety under Hepliaklqana
  2359 | D:2      | Remembered your ancestor Manelesi as a battlemage
  2634 | D:2      | Reached XP level 4. HP: 18/18 MP: 5/5
  3056 | D:2      | Reached XP level 5. HP: 22/22 MP: 4/6
  3529 | D:3      | Found a sparkling altar of Nemelex Xobeh.
  3897 | D:4      | Killed Eustachio
  3898 | D:4      | Reached skill level 8 in Stealth
  3898 | D:4      | Gained mutation: You are covered in thick fur. (AC +2)
                  | [Felid growth]
  3898 | D:4      | Reached XP level 6. HP: 16/26 MP: 4/7
  4092 | D:4      | Noticed an orc warrior
  4092 | D:4      | Noticed Menkaure
  4093 | D:4      | Found a bloodstained altar of Trog.
  4112 | D:4      | Killed an orc warrior
  4113 | D:4      | Reached skill level 5 in Dodging
  4116 | D:4      | Killed Menkaure
  4117 | D:4      | Reached XP level 7. HP: 16/29 MP: 8/8
  4269 | D:4      | Found a shimmering blue altar of Sif Muna.
  4279 | D:4      | Got Sif Muna's Textbook on Striking
  4349 | D:4      | Found a staircase to the Ecumenical Temple.
  4380 | D:4      | Reached *** piety under Hepliaklqana
  4821 | D:4      | Reached skill level 5 in Fighting
  4985 | D:5      | Reached skill level 1 in Spellcasting
  5033 | D:5      | Reached skill level 9 in Stealth
  5176 | D:5      | Reached XP level 8. HP: 33/33 MP: 11/11
  5214 | D:5      | Reached skill level 5 in Unarmed Combat
  5818 | D:6      | Found Jairrual's General Store.
  6297 | D:6      | Bought a potion of curing for 30 gold pieces
  6641 | D:6      | Identified a scroll of acquirement
  6641 | D:6      | Acquired a manual of Unarmed Combat
  6678 | D:6      | Reached skill level 10 in Stealth
  7196 | D:7      | Reached XP level 9. HP: 36/36 MP: 13/15
  7227 | D:7      | Found a stormy altar of Qazlal.
  7228 | D:7      | Found Elici's General Store.
  7241 | D:7      | Bought a scroll of teleportation for 36 gold pieces
  7241 | D:7      | Bought a potion of brilliance for 48 gold pieces
  7266 | D:7      | Reached **** piety under Hepliaklqana
  8148 | D:7      | Found an ancient bone altar of Kikubaaqudgha.
  8608 | D:8      | Noticed Erica
  9151 | D:8      | Learned a level 2 spell: Searing Ray
  9207 | D:8      | Reached skill level 1 in Invocations
  9210 | D:8      | Reached skill level 11 in Stealth
  9595 | D:8      | Killed Erica
  9596 | D:8      | Reached XP level 10. HP: 30/42 MP: 16/18
  9712 | D:8      | Found Rettuffuuge's Magic Scroll Shoppe.
  9719 | D:8      | Bought a scroll of identify for 28 gold pieces
  9719 | D:8      | Bought a scroll of identify for 28 gold pieces
  9719 | D:8      | Bought a scroll of fear for 56 gold pieces
 10224 | D:9      | Found a white marble altar of Elyvilon.
 10230 | D:9      | Found a staircase to the Lair.
 10394 | D:9      | Found a staircase to the Orcish Mines.
 10826 | D:9      | Reached skill level 5 in Spellcasting
 11190 | D:9      | Reached ***** piety under Hepliaklqana
 12172 | D:9      | Reached skill level 12 in Stealth
 12343 | D:9      | Got the Atlas of Malediction and the Atmosphere
 12593 | D:10     | Entered Level 10 of the Dungeon
 12836 | D:10     | Found a shadowy altar of Dithmenos.
 12883 | D:10     | Noticed a two-headed ogre
 12895 | D:10     | Killed a two-headed ogre
 12896 | D:10     | Reached skill level 10 in Dodging
 13842 | D:10     | Noticed a cyan ugly thing
 14091 | D:10     | Noticed a four-headed hydra
 14092 | D:10     | Noticed a manticore
 14093 | D:10     | Noticed a seven-headed hydra
 14094 | D:10     | Noticed an elephant
 14094 | D:10     | Noticed a tengu warrior
 14094 | D:10     | Found the brooch of Shielding {Spirit SH+8}
 14103 | D:10     | Noticed a brown ugly thing
 14103 | D:10     | Noticed an ogre mage
 14103 | D:10     | Noticed a deep elf pyromancer
 14103 | D:10     | Noticed a cyclops
 14153 | D:10     | Noticed a rakshasa
 14248 | D:10     | Reached XP level 11. HP: 42/45 MP: 13/20
 14317 | D:10     | Found the +4 robe of Augmentation {Str+4 Int+4 Dex+4}
 14521 | D:10     | Reached skill level 1 in Translocations
 14669 | D:10     | Noticed an oklob plant
 14867 | D:10     | Reached skill level 1 in Conjurations
 15081 | D:11     | Noticed a seven-headed hydra
 15093 | D:11     | Killed a seven-headed hydra
 15111 | D:11     | Noticed Gastronok
 15324 | Lair:1   | Entered Level 1 of the Lair of Beasts
 15480 | Lair:1   | Reached skill level 10 in Unarmed Combat
 15595 | Lair:1   | Reached skill level 5 in Invocations
 16202 | Lair:1   | Reached skill level 13 in Stealth
 16553 | Lair:1   | Noticed a seven-headed hydra
 16660 | Lair:1   | Killed a seven-headed hydra
 17147 | Lair:2   | Learned a level 4 spell: Iskenderun's Mystic Blast
 17273 | Lair:2   | Gained mutation: Your thick and shaggy fur keeps you warm.
                  | (AC +3, rC+) [Felid growth]
 17273 | Lair:2   | Reached XP level 12. HP: 46/50 MP: 18/23
 17308 | Lair:2   | You are sucked into a shaft and drop 2 floors!
 17317 | Lair:4   | Noticed a six-headed hydra
 17319 | Lair:3   | Noticed a death yak
 17364 | Lair:3   | Reached skill level 5 in Translocations
 17821 | Lair:2   | Found a staircase to the Snake Pit.
 18756 | Lair:3   | Noticed Amaemon
 18852 | Lair:3   | Slain by a cane toad
 18853 | Lair:3   | Reached XP level 11. HP: -1/47 MP: 2/22
 18874 | Lair:3   | Killed Amaemon
 18955 | Lair:3   | Noticed Rupert
 18976 | Lair:3   | Killed Rupert
 18977 | Lair:3   | Reached skill level 14 in Stealth
 19002 | Lair:3   | Noticed a death yak
 19018 | Lair:3   | Noticed a death yak
 19021 | Lair:3   | Noticed a death yak
 19022 | Lair:3   | Noticed a death yak
 19332 | Lair:3   | Found a staircase to the Shoals.
 19341 | Lair:3   | Killed a death yak
 19342 | Lair:3   | Reached XP level 12. HP: 52/52 MP: 16/24
 19346 | Lair:3   | Killed a death yak
 19352 | Lair:3   | Killed a death yak
 19521 | Lair:3   | Killed a death yak
 19531 | Lair:3   | Killed a death yak
 20251 | Lair:4   | Noticed a five-headed hydra
 20330 | Lair:4   | Killed a five-headed hydra
 20331 | Lair:4   | Reached skill level 5 in Conjurations
 20482 | Lair:4   | Reached skill level 10 in Fighting
 20542 | Lair:4   | Killed a six-headed hydra
 20821 | Lair:4   | Noticed a catoblepas
 20837 | Lair:4   | Killed a catoblepas
 21000 | Lair:4   | Found a transporter.
 21001 | Lair:4   | Noticed an eight-headed hydra
 21004 | Lair:4   | Found a transporter.
 21004 | Lair:4   | Noticed cowcol's ghost (journeyman DrBe)
 21544 | Lair:5   | Entered Level 5 of the Lair of Beasts
 21562 | Lair:5   | Noticed a death yak
 21580 | Lair:5   | Noticed a death yak
 21581 | Lair:5   | Noticed a death yak
 21590 | Lair:5   | Killed a death yak
 21591 | Lair:5   | Reached XP level 13. HP: 5/55 MP: 12/26
 21885 | Lair:5   | Reached skill level 15 in Stealth
 22235 | Lair:5   | Killed by miscasting Iskenderun's Mystic Blast
 22236 | Lair:5   | Reached XP level 12. HP: -2/52 MP: 5/25
 22415 | Lair:4   | Killed by miscasting Iskenderun's Mystic Blast
 22416 | Lair:4   | Reached XP level 11. HP: -6/49 MP: 14/24
 22779 | Lair:5   | Found a staircase to the Slime Pits.
 22966 | Lair:5   | Noticed a deep troll
 22966 | Lair:5   | a wolf spider changed into a deep troll
 22968 | Lair:5   | Mangled by a deep troll

Illustrated notes

Levels and vault maps discovered:
D:1:      spicycebolla_arrival_clurvy, layout_loops_ring,
          shapermc_ecumenical_altar_acropolis, nrook_mini_backslash,
          columned_hall_lemuel, minmay_vboxes
D:2:      layout_loops_corners
D:3:      kennysheep_six_static_rooms, layout_rooms, nemelex_altar_shiori,
          glass_columns_c, grunt_ministairs_5
D:4:      layout_basic, mainiacjoe_overflow_alcove_4,
          nzn_overflow_gifts_of_might_and_magic, minmay_temple_entry_hall,
          minmay_misc_feat_ornament, uniq_eustachio, uniq_menkaure
D:5:      layout_cave_pods, nicolae_hepliaklqana_ecumenical_no_more
D:6:      layout_cave_pools, mainiacjoe_overflow_chevrons, serial_shops,
          nicolae_diamond_shop, portal_sewer_entry_d
D:7:      layout_basic, grunt_qazlal_sundering,
          lemuel_zombie_altar_kikubaaqudgha, serial_shops, shop
D:8:      layout_loops_ring, serial_shops, shop, uniq_erica
D:9:      layout_stronghold, elyvilon_altar_5, lair_entry_dummy, orc_0_dummy
D:10:     lemuel_slime, layout_long_grid,
          nicolae_dithmenos_through_a_glass_darkly, minivault_25,
          dreamdust_mushroom_princess, minivault_12
D:11:     layout_loops_ring, minmay_misc_feat_encased,
          hangedman_abyss_or_decor_passed, uniq_gastronok
Lair:1:   layout_chaotic_city, beast_lair_carwin_11, grunt_megastairs_5
Lair:2:   layout_hall_layers, guppyfry_snake_entry_garden, beast_lair_carwin_7
Lair:3:   layout_roguey, minmay_shoals_entry_lonely_mermaid,
          nicolae_quartered_pool_medium, grunt_megastairs_3, uniq_amaemon,
          uniq_rupert
Lair:4:   layout_misc_corridors, gammafunk_ghost_arena, minivault_11,
          infiniplex_staircase_pool
Lair:5:   hangedman_lair_tendril_chambers, layout_regular_city,
          hangedman_lair_caniforms_friends, slime_entry_1

Skill      XL: |  1  2  3  4  5  6  7  8  9 10 11 12 13 |
---------------+----------------------------------------+-----
Dodging        | 3 4 5 6 7 9 10 12 13 | 13.2
Stealth        | 7 8 9 10 11 12 14 15 | 15.4
Unarmed Combat | 3 4 6 8 9 12 11 13 | 13.4
Fighting       | 4 5 6 7 8 10 | 10.6
Spellcasting   | 1 3 4 5 6 8 |  8.6
Invocations    | 2 4 8 7 |  8.2
Translocations | 4 5 |  5.0
Conjurations   | 4 5 |  5.0

Action                   |  1- 3 |  4- 6 |  7- 9 | 10-12 | 13-15 || total
-------------------------+-------+-------+-------+-------+-------++-------
Melee: Unarmed           |    80 |    26 |   143 |   243 |    19 ||   511
       Bite              |     7 |     3 |    15 |    32 |     3 ||    60
       Punch             |     3 |       |     4 |    24 |     4 ||    35
 Cast: Searing Ray       |       |       |       |   176 |     3 ||   179
       Iskenderun's Myst |       |       |       |    49 |    13 ||    62
Invok: Recall Ancestor   |     1 |     3 |     5 |    11 |     1 ||    21
       Ancestor Life: Ba |     1 |       |       |       |       ||     1
       Idealise          |       |       |       |     4 |       ||     4
Evoke: Wand              |       |       |     1 |     6 |     5 ||    12
  Use: Scroll            |     3 |     5 |     4 |    22 |     3 ||    37
       Potion            |     1 |       |     4 |    10 |       ||    15
 Stab: Sleeping          |     9 |     9 |    17 |    21 |       ||    56
       Distracted        |       |       |     2 |     9 |     1 ||    12
Armor: Skin              |     1 |     2 |     6 |    17 |     1 ||    27
Dodge: Dodged            |    67 |    21 |   155 |   491 |    27 ||   761
Block: Other             |       |       |     8 |    15 |       ||    23
       Reflection        |       |       |     3 |       |       ||     3
